 Dungeon Crawl Stone Soup version 0.28.0-45-g0d030f2227 (webtiles) character file.

Game seed: 3694701975534685235

21 nickcage the Magician (level 3, -2/27 HPs)
             Began as a Djinni Fire Elementalist on Apr 12, 2022.
             Slain by an adder (4 damage)
             ... on level 1 of the Dungeon.
             The game lasted 00:02:35 (1358 turns).

nickcage the Magician (Djinni Fire Elementalist)    Turns: 1358, Time: 00:02:35

Health: -2/27      AC:  2    Str:  7    XL:     3   Next: 5%
Gold:   47         EV: 12    Int: 18    God:
                   SH:  0    Dex: 13

rFire   + + .      SeeInvis .   e - +0 rapier
rCold   x . .      Faith    .   (no shield)
rNeg    . . .      Spirit   .   a - +0 robe
rPois   ∞          Reflect  .   (no helmet)
rElec   .          Harm     .   (no cloak)
rCorr   .          Rampage  .   (no gloves)
Will    .....                   (boots unavailable)
Stlth   ++........              (no amulet)
HPRegen 0.09/turn               (no ring)
MPRegen 0.00/turn               (no ring)

@: flying
A: sickness immunity, fire resistance 2, cold vulnerability 1, float, innate
caster, HP casting, extra vitality 1
a: no special abilities


You were on level 1 of the Dungeon.
You visited 1 branch of the dungeon, and saw 2 of its levels.

You collected 47 gold pieces.

Inventory:

Hand Weapons
 e - a +0 rapier (weapon)
Armour
 a - a +0 robe (worn)
Scrolls
 b - a scroll of enchant weapon {unknown}
 d - a scroll of holy word {unknown}
 g - a scroll of brand weapon {unknown}
 h - a scroll of identify {unknown}
 i - 2 scrolls of immolation {unknown}
Potions
 c - a potion of mutation {unknown}
 f - a potion of curing {unknown}


   Skills:
 * Level 1.1 Fighting
 - Level 2.1 Dodging
 - Level 1.5 Stealth
 - Level 3.0 Spellcasting


You couldn't memorise any spells.
You knew the following spells:

 Your Spells              Type           Power      Damage    Failure   Level
a - Foxfire               Conj/Fire      52%        2x1d6     4%          1
b - Scorch                Fire           26%        2d6       7%          2
c - Conjure Flame         Conj/Fire      13%        6-21      14%         3
d - Inner Flame           Hex/Fire       13%        N/A       14%         3
e - Flame Wave            Conj/Fire      13%        2d6       43%         4
f - Beastly Appendage     Tmut           26%        N/A       4%          1
Your spell library was empty.

Dungeon Overview and Level Annotations

Branches:
Dungeon (2/15)

Altars:


Innate Abilities, Weirdness & Mutations

You are immune to sickness and miasma.
You are immune to poison.
Your flesh is very heat resistant. (rF++)
You are vulnerable to cold. (rC-)
You float through the air rather than walking.
You learn spells naturally, not from books.
Your magical power is your life essence.
You have superior vitality. (+4 MHP)


Message History

The ball python bites you. The ball python constricts you. The adder bites you.
You are too injured to fight recklessly!
Casting: Scorch (safe; 7% risk of failure)
Press: ? - help, Q - select action, (/) - cycle Dir - look around, f - activate Flames lash the worm.
The worm is lightly wounded.
The worm's fire resistance burns away.
* * * LOW HITPOINT WARNING * * *
The ball python closely misses you. The ball python constricts you.
The adder barely misses you.
Casting: Scorch (safe; 7% risk of failure)
Press: ? - help, Q - select action, (/) - cycle Dir - look around, f - activate Flames lash the worm.
The worm is burned terribly!
The worm is severely wounded.
* * * LOW HITPOINT WARNING * * *
The ball python bites you but does no damage.
The ball python constricts you. The adder bites you.
* * * LOW HITPOINT WARNING * * *
The ball python bites you but does no damage.
The ball python constricts you.
Casting: Scorch (safe; 7% risk of failure)
Press: ? - help, Q - select action, (/) - cycle Dir - look around, f - activate Flames lash the ball python.
You kill the ball python!
* * * LOW HITPOINT WARNING * * *
The adder is no longer more vulnerable to fire.
The adder misses you.
The adder closely misses you. x2; The worm barely misses you.
You fly upwards.
There is a stone staircase leading down here.
You closely miss the adder.
The adder is moderately wounded.
The adder barely misses you.
You hit the adder.
The adder is almost dead.
The adder closely misses you. The worm misses you. The adder barely misses you.
You closely miss the adder.
The adder is almost dead.
The adder bites you.
You die...

########### #.........#
############## #.#.......#
##.).......:..#
###.#.......#####.#.#########.#
.................###.## #.#
##..#..........S## ##.# #.#
....#.......####@###.## #.#
#...#.......# ##w#.## #.#
#.#######.########.## #.# #.#
#..........# #.# #.#
##########.# #.# #.# #.# #.#
#.## #.# ########.## ...# #.#
#.........# #..# #.#
#.######..#


You could see a worm (combustible) and an adder.

Vanquished Creatures
  3 ball pythons
  An endoplasm (D:1)
  A giant cockroach (D:2)
  2 goblins (D:1)
  2 hobgoblins (D:1)
  4 bats (D:1)
  2 frilled lizards
  5 kobolds
  A rat (D:1)
21 creatures vanquished.

Vanquished Creatures (others)
  10 foxfires (D:1)
10 creatures vanquished.

Grand Total: 31 creatures vanquished

Notes
Turn   | Place    | Note
-------+----------+-------------------------------------------
     0 | D:1      | nickcage the Djinni Fire Elementalist began the quest for
                  | the Orb.
     0 | D:1      | Reached XP level 1. HP: 15/15 MP: 0/0
   371 | D:1      | Reached XP level 2. HP: 21/22 MP: 0/0
   904 | D:1      | Found a faded altar of an unknown god.
  1345 | D:2      | Reached skill level 3 in Spellcasting
  1349 | D:2      | Reached skill level 1 in Fighting
  1349 | D:2      | Reached XP level 3. HP: 20/27 MP: 0/0
  1349 | D:2      | Learned a level 1 spell: Beastly Appendage
  1358 | D:1      | Slain by an adder

Illustrated notes

Levels and vault maps discovered:
D:1:      amcnicky_arrival_abandoned_market, layout_loops_ring,
          shapermc_ecumenical_altar_pompeii, minmay_pentomino_z2
D:2:      layout_rooms, nrook_loot_triangle, corexii_shack

Skill      XL: |  1  2 |
---------------+-------+-----
Spellcasting   | 3 |  3.0
Fighting       | 1 |  1.1
Dodging        | |  2.1
Stealth        | |  1.5

Action                   || total
-------------------------++-------
Melee: Rapier            ||     7
 Cast: Foxfire           ||     7
       Scorch            ||    19
Armor: Robe              ||     2
Dodge: Dodged            ||    16
